← All builds
Suicide front / Armada / Factory first / OBSERVED BUILD

Standard suicide front

Armada Suicide front build order · Supreme Isthmus

The role's baseline: Bot Lab at 0:21 then straight into reclaim-fed T1 bot production to contest the middle and hold until T2 arrives, with an Advanced Metal Extractor around 9:45.

#rush · 2043 distinct matches · 235 players · 72% of Armada Suicide front games · team won 59% of 2421 · Recently observed

HOW TO PLAY IT

Key timing: Bot Lab by 0:20

  1. Open with mex and lab-first to get Bot Lab up by 0:20.
  2. Expand mex and wind while lab pumps units toward middle.
  3. Push Sentry and early Rocketeer, Centurion to contest middle.
  4. Get T2 constructor out once Pond's boost lets you spare metal.
  5. Upgrade mex to Advanced Metal Extractor as you transition off T1 spam.

Phase by phase

TYPICAL OF ITS 2043 GAMES
  1. 1
  2. 2
  3. 3
PLAY THE OPENING

Follow the example game's first 6:00 step by step: what to build now, what comes next, and where it goes. At 1× it keeps pace with your own game.

  1. 1

    Bot Lab first

    Order
    1. Bot LabBot Lab done ~0:25, middle half 0:20–0:33

    Some games also: mex (44%)

  2. 2

    Bot Lab to 5:00

    Economy
    • Metal Extractor5Mex
    • Wind Turbine4Wind
    Builders
    • Construction Bot3 Con bot
    • Lazarus2 Lazarus
    Army
    • Sentry4 Sentry
    • Rocketeer16 Rocketeer
    • Tick2 Tick
    • Centurion1 Centurion
    Other
    • Radar Tower1 Radar Tower

    Some games also: pawn (37%) · con turret (34%)

    By 5:00 in all: 5 mex · 4 wind

    The example game in this phase · 28 steps
    1. Mex
    2. Construction BotCon bot
    3. Wind
    4. Construction BotCon bot
    5. SentrySentry
    6. Construction BotCon bot
    7. Mex ×2
    8. LazarusLazarus
    9. SentrySentry
    10. TickTick
    11. Mex
    12. RocketeerRocketeer
    13. Radar TowerRadar Tower
    14. RocketeerRocketeer
    15. Mex
    16. RocketeerRocketeer
    17. SentrySentry
    18. Wind
    19. RocketeerRocketeer ×3
    20. Wind
    21. RocketeerRocketeer ×2
    22. Dragon's TeethDragon's Teeth
    23. RocketeerRocketeer ×10
    24. TickTick
    25. RocketeerRocketeer ×3
    26. Aircraft PlantAircraft Plantdone 4:43
    27. OspreyHeavy transport
    28. RocketeerRocketeer
  3. 3

    5:00 to 10:00

    Economy
    • Metal Extractor1Mex
    • Wind Turbine15Wind
    Builders
    • Construction Turret2 Con turret
    • Lazarus2 Lazarus
    • Construction Bot1 Con bot
    Army
    • Sentry1 Sentry
    • Rocketeer8 Rocketeer

    Some games also: pawn (49%) · Radar Tower (46%) · tick (45%) · centurion (44%) · energy storage (42%) · eat Bot Lab (31%)

    By 10:00 in all: 6 mex · 21 wind · 1 energy storage · 2 con turret

    The example game in this phase · 127 steps
    1. RocketeerRocketeer
    2. OspreyHeavy transport
    3. TickTick
    4. OspreyHeavy transport
    5. RocketeerRocketeer ×2
    6. Aircraft PlantEat Aircraft Plantreclaimed for its metal
    7. TickTick
    8. RocketeerRocketeer
    9. PawnPawn
    10. SentrySentry
    11. PawnPawn ×4
    12. Mex
    13. PawnPawn
    14. SentrySentry
    15. PawnPawn ×3
    16. Radar TowerRadar Tower
    17. Con turret
    18. PawnPawn
    19. BlitzBlitz
    20. Advanced solar
    21. TickTick
    22. PawnPawn ×4
    23. Energy storage
    24. PawnPawn ×2
    25. Con turret ×2
    26. Advanced solar
    27. PawnPawn ×2
    28. Con turret
    29. PawnPawn ×3
    30. Con turret
    31. PawnPawn ×2
    32. Construction BotCon bot
    33. Wind ×5
    34. Bot LabEat Bot Labreclaimed for its metal
    35. Advanced Metal ExtractorT2 mexdone 10:50 · typical 9:46
    36. Wind ×3
    37. Converter ×2
    38. Wind ×2
    39. Advanced Metal ExtractorT2 mex
    40. Wind ×8
    41. Advanced Metal ExtractorT2 mex
    42. Dragon's TeethDragon's Teeth
    43. Converter ×2
    44. Wind ×3
    45. RattlesnakeRattlesnakedone 13:15
    46. Radar TowerRadar Tower
    47. Wind ×3
    48. Dragon's TeethDragon's Teeth
    49. Converter
    50. Wind
    51. Dragon's TeethDragon's Teeth ×2
    52. Wind
    53. Dragon's TeethDragon's Teeth ×2
    54. Wind ×2
    55. Dragon's TeethDragon's Teeth
    56. Wind
    57. Converter ×2
    58. Dragon's TeethDragon's Teeth
    59. Wind ×3
    60. Dragon's TeethDragon's Teeth
    61. Wind
    62. Dragon's TeethDragon's Teeth
    63. Wind ×2
    64. Fortification WallFortification Wall
    65. Dragon's TeethDragon's Teeth
    66. Wind
    67. Fortification WallFortification Wall
    68. Dragon's TeethDragon's Teeth
    69. Wind
    70. Converter
    71. Wind
    72. Dragon's TeethDragon's Teeth
    73. Converter
    74. Wind ×2
    75. Dragon's TeethDragon's Teeth
    76. Con turret
    77. Converter
    78. Dragon's TeethDragon's Teeth
    79. Fortification WallFortification Wall
    80. Wind
    81. Fortification WallFortification Wall
    82. Wind
    83. Fortification WallFortification Wall
    84. Wind ×2
    85. Fortification WallFortification Wall
    86. Converter
    87. Fortification WallFortification Wall
    88. Wind ×2
    89. Fortification WallFortification Wall
    90. BeamerBeamer
    91. Fortification WallFortification Wall
    92. Converter
    93. Wind
    94. Fortification WallFortification Wall
    95. Con turret
    96. Wind
    97. Fortification WallFortification Wall
    98. Con turret
    99. Fortification WallFortification Wall ×3
    100. Converter
    101. Fortification WallFortification Wall
    102. Wind ×2
    103. Fortification WallFortification Wall ×2
    104. Wind ×3
    105. BeamerBeamer
    106. Wind ×5
    107. Converter ×2
    108. Wind ×7
    109. Converter
    110. Wind ×2
    111. Converter
    112. Wind ×5
    113. Converter
    114. Wind
    115. Converter
    116. Wind
    117. RattlesnakeRattlesnake
    118. Wind
    119. Converter
    120. Wind ×2
    121. Radar TowerRadar Tower
    122. Wind
    123. BeamerBeamer
    124. Wind
    125. BeamerBeamer
    126. Converter
    127. BeamerBeamer

Counts are medians over the build's games: half of them build more, half fewer. The example game is _X_'s (40 OS, 14/10/2026); pick another.

Team trades

IN AT LEAST 30% OF ITS GAMES

You hand over

Nothing regular.

You get

  • Tidal Generator4 Tidal from Pondfirst at 0:11 · in 68% of games
  • Advanced Construction Bot1 T2 con bot from Geo or Techfirst at 7:41 · in 57% of games

How it plays out

Typical game of this build, running totals by minute

Metal produced

010k20k
0:005:0010:0015:00

metal

Enemy metal destroyed

05k10k
0:005:0010:0015:00

metal

Own metal lost

05k10k
0:005:0010:0015:00

metal

2421 games.

Show as table
ByMetal produced: This buildEnemy metal destroyed: This buildOwn metal lost: This build
1:0023000
2:0088600
3:002007184130
4:003108642501
5:0041841348997
6:00534921851706
7:00653930602588
8:00775739393500
9:00903347044382
10:001040053145148
11:001188458575955
12:001357264066673
13:001539468757437
14:001729075038209
15:001925781168981
WHAT THE NUMBERS SAY

Standard Suicide front play wins a bit over half its games while taking the heaviest own losses of any role by 15:00.

  • + Produces 20142 metal by 15:00, highest of the front roles.
  • + First kill by 2:01 in all games, fastest contest of middle.
  • − Own metal lost hits 9178 by 15:00, more than enemy metal destroyed.
  • − Only 34% Rocketeer share shows army spread thin across many bot types.
THE EXAMPLE YOU ARE READING

_X_

40.1 OS · 14/10/2026

Open source match ↗

6 received units · includes a constructor
13 metal received · 63216 energy received

Allied construction assistance is unknown. Timings are observations, not a promise of solo reproducibility.

Typical milestones

Bot Lab0:25Middle 50%: 0:20–0:33 · n=2413
Advanced Metal Extractor9:46Middle 50%: 8:50–10:59 · n=1749

Played most by

_X_264games of this buildPlatinumBlonde188games of this buildXad165games of this buildTrapCaT109games of this buildImmort80games of this build